 Dungeon Crawl Stone Soup version 0.31-a0-1597-ge7908ec95f (webtiles) character file.

Game seed: 5559483879290406517

1285820 tish the Prince of Secrets (level 27, 227/227 HPs)
             Began as a Gnoll Wanderer on Jan 6, 2024.
             Was a High Priest of Ashenzari.
             Escaped with the Orb
             ... and 3 runes on Jan 7, 2024!
             The game lasted 06:41:23 (128963 turns).

tish the Prince of Secrets (Gnoll Wanderer)       Turns: 128963, Time: 06:41:23

Health: 227/227    AC: 25    Str: 18    XL:     27
Magic:  48/48      EV: 20    Int: 23    God:    Ashenzari [*****.]
Gold:   3162       SH: 16    Dex: 12    Spells: 6/68 levels left

rFire   + . .        I - +3 scimitar "Share My Seer" {freeze, rPois Int+3 SInv, Elem, Fort} (curse)
rCold   + . .        U - +0 kite shield of Ashenzari's Ordeal {AC+3, Melee, Sorc} (curse)
rNeg    + . .        Z - +0 leather armour "Restrained Scepticism" {rF+ rC+ Slay+3, Comp, Sorc} (curse)
rPois   +            n - +2 helmet of the Ensconced Ether {Int+3, Comp, Fort} (curse)
rElec   .            H - +4 dragonskin cloak {Cun, Fort} (curse)
rCorr   +            N - +2 pair of gloves of the Unveiling Loss {Fort, Self} (curse)
SInv    +            A - +0 pair of boots of Star-Bound Wisdom {Fort, Melee} (curse)
Will    +++..        t - amulet of the Tethered Yoke {Acrobat rN+, Sorc, Melee} (curse)
Stlth   +++          V - ring of Supernal Wisdom {Wiz, Comp, Melee} (curse)
HPRegen 0.57/turn    y - ring "Fuloag" {Fly Will+ rCorr}
MPRegen 0.31/turn

%: acrobat, clarity, wizardry (x1)
@: flying, studying Hexes
A: fangs 1, strong nose, distributed training, clumsy 1, subdued magic 1,
inability to drink after injury 1
0: Orb of Zot
}: 3/15 runes: decaying, serpentine, silver
a: Renounce Religion, Curse Item, Shatter the Chains


You escaped.
You worshipped Ashenzari.
Ashenzari was extremely pleased with you.
You visited 10 branches of the dungeon, and saw 48 of its levels.
You also visited: Ice Cave and Desolation.

You collected 8123 gold pieces.
You spent 4961 gold pieces at shops.

Inventory:

Hand Weapons
 I - the cursed +3 scimitar "Share My Seer" (weapon) {freeze, rPois Int+3 SInv, Elem, Fort}
   (You found it on level 2 of the Vaults)

   Int+3:     It affects your intelligence (+3).
   rPois:     It protects you from poison SInv: It lets you see invisible.
   It has a curse which improves the following skills: Elements: Fire Magic, Ice
   Magic, Air Magic and Earth Magic.
   Fortitude: Armour and Shields.
Missiles
 c - 10 darts of dispersal
 M - 13 curare-tipped darts
 S - 5 datura-tipped darts
 T - a throwing net
Armour
 n - the cursed +2 helmet of the Ensconced Ether (worn) {Int+3, Comp, Fort}
   (You bought it in a shop on level 3 of the Vaults)

   It has a curse which improves the following skills: Companions: Summonings
   and Necromancy.
   Fortitude: Armour and Shields.
 A - the cursed +0 pair of boots of Star-Bound Wisdom (worn) {Fort, Melee}
   (You bought it in a shop on level 1 of the Dungeon)

   It has a curse which improves the following skills: Fortitude: Armour and
   Shields.
   Melee Combat: Short Blades, Long Blades, Axes, Maces & Flails, Polearms,
   Staves and Unarmed Combat.
 H - the cursed +4 dragonskin cloak (worn) {Cun, Fort}
   (You took it off Tiamat on level 4 of the Depths)

   Avatar's Aegis: It grants the wearer a chance to resist fire, cold, poison,
   electricity, acid, and negative energy.
   It has a curse which improves the following skills: Cunning: Dodging and
   Stealth.
   Fortitude: Armour and Shields.
 N - the cursed +2 pair of gloves of the Unveiling Loss (worn) {Fort, Self}
   (You found it on level 9 of the Dungeon)

   It has a curse which improves the following skills: Fortitude: Armour and
   Shields.
   Introspection: Fighting and Spellcasting.
 U - the cursed +0 kite shield of Ashenzari's Ordeal (worn) {AC+3, Melee, Sorc}
   (You took it off a tengu warrior on level 13 of the Dungeon)

   It has a curse which improves the following skills: Melee Combat: Short
   Blades, Long Blades, Axes, Maces & Flails, Polearms, Staves and Unarmed
   Combat.
   Sorcery:   Conjurations and Alchemy.
 Z - the cursed +0 leather armour "Restrained Scepticism" (worn) {rF+ rC+ Slay+3, Comp, Sorc}
   (You bought it in a shop on level 2 of the Vaults)

   Slay+3:    It affects your accuracy & damage with ranged weapons and melee
   (+3).
   rF+:       It protects you from fire.
   rC+:       It protects you from cold.
   It has a curse which improves the following skills: Companions: Summonings
   and Necromancy.
   Sorcery:   Conjurations and Alchemy.
Jewellery
 l - the ring of Durov {rF+ AC+4}
   (You took it off a deep elf blademaster on level 3 of the Elven Halls)

   [ring of protection]

   AC+4:      It affects your AC (+4).
   rF+:       It protects you from fire.
 p - a ring of protection from cold
 q - a ring of protection from cold
 t - the cursed amulet of the Tethered Yoke (around neck) {Acrobat rN+, Sorc, Melee}
   (You took it off a tengu warrior on level 2 of the Depths)

   [amulet of the acrobat]

   Acrobat:   It increases your evasion while moving and waiting.
   rN+:       It protects you from negative energy.
   It has a curse which improves the following skills: Sorcery: Conjurations and
   Alchemy.
   Melee Combat: Short Blades, Long Blades, Axes, Maces & Flails, Polearms,
   Staves and Unarmed Combat.
 y - the ring "Fuloag" (right hand) {Fly Will+ rCorr}
   (You took it off a vault warden on level 5 of the Vaults)

   [ring of flight]

   Will+:     It increases your willpower.
   Fly:       It grants you flight.
   rCorr:     It protects you from acid and corrosion.
 O - the ring of Busooxe {EV+5 Dex+5}
   (You found it on level 3 of the Realm of Zot)

   [ring of evasion]

   EV+5:      It affects your evasion (+5).
   Dex+5:     It affects your dexterity (+5).
 V - the cursed ring of Supernal Wisdom (left hand) {Wiz, Comp, Melee}
   (You bought it in a shop on level 2 of the Orcish Mines)

   [ring of wizardry]

   Wiz:       It improves your spell success rate.
   It has a curse which improves the following skills: Companions: Summonings
   and Necromancy.
   Melee Combat: Short Blades, Long Blades, Axes, Maces & Flails, Polearms,
   Staves and Unarmed Combat.
 Y - a +6 ring of strength
Wands
 o - a wand of roots (40)
 B - a wand of polymorph (24)
 F - a wand of mindburst (67)
 K - a wand of digging (14)
 L - a wand of quicksilver (44)
 X - a wand of charming (33)
Scrolls
 b - 13 scrolls of blinking
 k - 8 scrolls of revelation
 u - 3 scrolls of poison
 x - 4 scrolls of fog
 z - 17 scrolls of teleportation
 C - 10 scrolls of fear
 P - 5 scrolls of silence
 W - 7 scrolls of summoning
Potions
 d - 5 potions of berserk rage
 e - 6 potions of lignification
 f - 3 potions of haste
 g - 7 potions of heal wounds
 h - a potion of magic
 i - 11 potions of might
 m - 7 potions of cancellation
 r - 23 potions of curing
 s - 3 potions of enlightenment
 v - 10 potions of attraction
 w - 4 potions of resistance
 D - 2 potions of brilliance
 J - 6 potions of ambrosia
 Q - 3 potions of invisibility
 R - 4 potions of mutation
Miscellaneous
 a - a lightning rod (4/4)
 j - a phial of floods
 E - a condenser vane
 G - a phantom mirror


   Skills:
 + Level 19.0(20.9) Fighting
 + Level 19.0(23.7) Short Blades
 + Level 19.0(23.7) Long Blades
 + Level 19.0(23.7) Axes
 + Level 19.0(23.7) Maces & Flails
 + Level 19.0(23.7) Polearms
 + Level 19.0(23.7) Staves
 + Level 19.0 Ranged Weapons
 + Level 19.9 Throwing
 + Level 19.1(24.7) Armour
 + Level 19.0(20.9) Dodging
 + Level 19.0(20.9) Stealth
 + Level 19.0(24.5) Shields
 + Level 19.9(24.6) Unarmed Combat
 + Level 19.5(21.4) Spellcasting
 + Level 16.2(20.2) Conjurations
 + Level 18.6 Hexes
 + Level 16.2(20.2) Summonings
 + Level 16.2(20.2) Necromancy
 + Level 16.2 Translocations
 + Level 16.2(18.2) Fire Magic
 + Level 16.2(18.2) Ice Magic
 + Level 16.2(18.2) Air Magic
 + Level 16.3(18.3) Earth Magic
 + Level 16.2(20.2) Alchemy
 + Level 20.5 Invocations
 + Level 19.0 Evocations
 + Level 17.5 Shapeshifting


You had 6 spell levels left.
You knew the following spells:

 Your Spells              Type           Power      Damage    Failure   Level
a - Sublimation of Blood  Necr           74%        N/A       0%          2
b - Irradiate             Conj/Alch      37%        3d24      0%          5
c - Silence               Hex/Air        35%        N/A       0%          5
d - Mephitic Cloud        Conj/Alch/Air  73%        N/A       0%          3
e - Passwall              Erth           71%        N/A       0%          3
f - Freezing Cloud        Conj/Ice/Air   36%        6-21      0%          5
g - Ozocubu's Armour      Ice            70%        N/A       0%          3
h - Metabolic Englaciati  Hex/Ice        35%        N/A       0%          5
i - Fireball              Conj/Fire      36%        3d15      0%          5
j - Blink                 Tloc           100%       N/A       0%          2
k - Lesser Beckoning      Tloc           100%       N/A       0%          2
l - Enfeeble              Hex            35%        N/A       1%          7
m - Summon Hydra          Summ           37%        N/A       1%          7
n - Lehudib's Crystal Sp  Conj/Erth      36%        10d9      1%          8

Your spell library contained the following spells:

 Spells                   Type           Power      Damage    Failure   Level
 Apportation              Tloc           100%       N/A       0%          1
 Magic Dart               Conj           100%       1d8       0%          1
 Necrotise                Necr           100%       1d9       0%          1
 Sandblast                Erth           100%       2d20      0%          1
 Shock                    Conj/Air       100%       1d9       0%          1
 Slow                     Hex            100%       N/A       0%          1
 Sting                    Conj/Alch      100%       1d9       0%          1
 Summon Small Mammal      Summ           100%       N/A       0%          1
 Call Imp                 Summ           100%       N/A       0%          2
 Ensorcelled Hibernation  Hex/Ice        100%       N/A       0%          2
 Jinxbite                 Hex            100%       N/A       0%          2
 Mercury Vapours          Alch/Air       100%       N/A       0%          2
 Momentum Strike          Conj/Tloc      100%       3d10      0%          2
 Confusing Touch          Hex            71%        N/A       0%          3
 Dazzling Flash           Conj/Hex       100%       N/A       0%          3
 Fugue of the Fallen      Necr           74%        N/A       0%          3
 Gell's Gravitas          Tloc           66%        N/A       0%          3
 Hailstorm                Conj/Ice       72%        3d13      0%          3
 Inner Flame              Hex/Fire       71%        N/A       0%          3
 Stone Arrow              Conj/Erth      100%       3d13      0%          3
 Summon Ice Beast         Ice/Summ       72%        N/A       0%          3
 Swiftness                Air            70%        N/A       0%          3
 Teleport Other           Tloc           66%        N/A       0%          3
 Volatile Blastmotes      Fire/Tloc      100%       2d18      0%          3
 Airstrike                Air            35%        2d(5-21)  0%          4
 Anguish                  Hex/Necr       36%        N/A       0%          4
 Animate Armour           Summ/Erth      100%       N/A       0%          4
 Brom's Barrelling Bould  Conj/Erth      72%        2d9       0%          4
 Flame Wave               Conj/Fire      72%        2d16      0%          4
 Fulminant Prism          Conj/Alch      37%        3d17      0%          4
 Iskenderun's Mystic Bla  Conj/Tloc      70%        2d14      0%          4
 Manifold Assault         Tloc           66%        N/A       0%          4
 Passage of Golubria      Tloc           66%        N/A       0%          4
 Petrify                  Alch/Erth      72%        N/A       0%          4
 Sticky Flame             Fire/Alch      72%        2d12      0%          4
 Alistair's Intoxication  Alch           49%        N/A       0%          5
 Curse of Agony           Necr           74%        N/A       0%          5
 Iskenderun's Battlesphe  Conj           74%        2d12      0%          5
 Summon Forest            Summ/Tloc      35%        N/A       0%          5
 Conjure Ball Lightning   Conj/Air       36%        3x3d12    1%          6
 Dispersal                Tloc           33%        N/A       1%          6
 Eringya's Noxious Bog    Alch           37%        4d6       1%          6
 Sculpt Simulacrum        Ice/Alch       36%        N/A       1%          6
 Orb of Destruction       Conj           37%        9d11      1%          7
 Ozocubu's Refrigeration  Ice            35%        4d15      1%          7
 Discord                  Hex            35%        N/A       1%          8
 Ignition                 Fire           35%        3d11      2%          8
 Disjunction              Tloc           33%        N/A       6%          8


Dungeon Overview and Level Annotations

Branches:
Dungeon (15/15)            Temple (1/1) D:6            Lair (5/5) D:11
  Swamp (4/4) Lair:2        Snake (4/4) Lair:2        Slime (0/5) Lair:5
    Orc (2/2) D:12            Elf (3/3) Orc:2        Vaults (5/5) D:14
  Crypt (0/3) Vaults:2     Depths (4/4) D:15            Zot (5/5) Depths:4
  IceCv (visited)         Desolation (visited)

Altars:
Ashenzari
Cheibriados
Dithmenos
Elyvilon
Fedhas
Gozag
Hepliaklqana
Kikubaaqudgha
Makhleb
Nemelex Xobeh
Okawaru
Qazlal
Ru
Sif Muna
Trog
Uskayaw
Vehumet
Wu Jian
Xom
Yredelemnul
Zin
The Shining One

Shops:
D:1 **[[(   D:9 :   Orc:2 =[(*   Elf:1 ?   Elf:3 *!:?   Snake:3 ?   Snake:4 (?
Vaults:2 [:   Vaults:3 [   Vaults:5 !

Portals:
Hell: Depths:1 Depths:2 Depths:3 Depths:4
Abyss: Depths:3
Pandemonium: Depths:2
Ziggurat: Depths:4
Trove: D:10 (give 15 potions of curing)

Annotations:
D:2 exclusion: downstairs
D:8 Erica
D:11 exclusion: 2 oklob plants
D:15 3 runed translucent doors, ciphuk's ghost, journeyman FeSh
Swamp:2 2 runed translucent doors, Karaet's ghost, adept MiFi
Swamp:4 2 transporters, Lymetel's ghost, adept MiBe
Orc:2 2 transporters, farilari's ghost, journeyman SpHu
Elf:1 1 runed translucent door
Vaults:3 1 runed translucent door


Innate Abilities, Weirdness & Mutations

You have very sharp teeth.
Your uncanny sense of smell can sniff out nearby items.
Your experience applies equally to all skills.
You are clumsy. (Dex -2)
Your spells are a little easier to cast, but a little less powerful.
You occasionally lose the ability to drink potions when taking damage.


Message History

There is a stone staircase leading up here.
You fly upwards.
There is a stone staircase leading down here.
There is a stone staircase leading up here.
You fly upwards.
There is a stone staircase leading down here.
There is a stone staircase leading up here.
You fly upwards.
Level annotation: Erica
There is a stone staircase leading down here.
There is a stone staircase leading up here.
You fly upwards.
There is a stone staircase leading down here.
You sense a monster nearby.
There is a stone staircase leading up, spattered with blood here.
You fly upwards.
There is a stone staircase leading down here.
What level of the Dungeon? (default 1, ? - help)
You sense a monster nearby.
There is a stone staircase leading up here.
You fly upwards.
There is a stone staircase leading down here.
What level of the Dungeon? (default 1, ? - help)
There is a stone staircase leading up here.
You fly upwards.
There is a stone staircase leading down here.
You see here a +0 short sword.
There is a stone staircase leading up here.
You fly upwards.
There is a stone staircase leading down here.
There is a stone staircase leading up here.
You fly upwards.
Level annotation: exclusion: downstairs
There is a stone staircase leading down here.
There is a stone staircase leading up here.
You fly upwards.
There is a stone staircase leading down here.
There is a fountain of clear blue water here.
There is a staircase leading out of the dungeon here.
You have escaped!

........##...##......##...#......
#######.#######.....)#..##.....(.
#...## #..................
#.#..####........##........
#.#........)...............
#(#..##♣♣♣.♣♣♣##...........
#.#..# ♣⌠♣ #....#......
#.#..♣♣♣♣♣.♣♣♣♣♣....#......
#.#.....⌠.@.⌠.....>#..)....
#####.#..♣♣♣♣♣.♣♣♣♣♣...#.......
#........# ♣⌠♣ #...#.......
#........##♣♣♣.♣♣♣##...#.......
#......................#.......
#.........###..##########......
#.............## ##....#
#.......)∩##### ######
#.........# #


There were no monsters in sight!

Vanquished Creatures
  Tiamat (Depths:4)
  2 dread liches (Zot:5)
  3 ancient liches
  3 orbs of fire (Zot:4)
  A juggernaut (Depths:3)
  Boris (Depths:3)
  4 Killer Klowns
  Saint Roka (Vaults:5)
  6 curse toes
  5 golden dragons
  An iron giant (Zot:3)
  8 tentacled monstrosities
  2 hellephants (Depths:4)
  4 titans
  An electric golem (Zot:5)
  3 quicksilver dragons
  5 liches
  17 Orb Guardians
  A walking divine tome (Depths:3)
  5 deep elf blademasters (Elf:3)
  5 deep elf master archers
  7 sphinxes
  5 tengu reavers (Vaults:5)
  2 thorn hunters
  3 death cobs
  3 shadow dragons
  11 storm dragons
  4 fire giants
  6 nagarajas (Snake:4)
  8 draconian knights
  6 protean progenitors
  Aizul (Snake:4)
  8 draconian monks
  3 draconian shifters
  3 frost giants
  12 vault wardens
  A deep elf sorcerer (Elf:3)
  2 deep elf elementalists (Elf:3)
  4 ghost moths
  2 draconian stormcallers
  13 very ugly things
  3 draconian scorchers
  2 spriggan defenders (Depths:2)
  An orc warlord (Orc:2)
  13 ironbound preservers
  6 stone giants
  2 draconian annihilators
  3 green draconians
  5 ironbound thunderhulks
  2 black draconians
  4 vampire knights
  8 yellow draconians
  A deep elf demonologist (Elf:3)
  7 deep elf death magi
  4 eleionomae
  6 red draconians
  11 dire elephants
  3 bunyips
  2 deep elf annihilators
  4 purple draconians
  7 spark wasps
  2 war gargoyles
  2 white draconians
  A ragged hierophant (Desolation)
  A merfolk impaler (Depths:4)
  A crystal guardian (Vaults:3)
  12 ettins
  12 fire dragons
  A blizzard demon (Depths:2)
  9 yaktaur captains
  29 vault guards
  18 hydras
  7 ice dragons
  5 peacekeepers
  4 great orbs of eyes
  2 servants of whispers (Desolation)
  3 ogre magi
  A caustic shrike simulacrum (IceCv)
  3 shambling mangroves
  5 rakshasas
  2 jorogumos (Zot:2)
  7 boulder beetles
  2 salamander tyrants (Snake:4)
  3 spriggan air magi
  An anaconda (shapeshifter) (Vaults:5)
  8 anacondas
  4 centaur warriors
  A death knight (D:14)
  8 ironbound frosthearts
  7 alligators
  15 death yaks
  2 catoblepae
  17 dancing weapons
  6 tengu warriors
  11 two-headed ogres
  7 hell hogs (Depths:4)
  4 deep troll earth magi
  10 naga warriors
  2 satyrs (Zot:3)
  3 spriggan berserkers
  4 deep troll shamans
  An orc high priest (Orc:2)
  A soul eater (Vaults:2)
  An occultist (Depths:3)
  7 shock serpents
  16 deep elf knights
  2 vampire magi
  Sonja (D:13)
  A sun demon (Depths:2)
  14 naga sharpshooters
  2 hell knights
  2 skysharks
  A fire crab (shapeshifter) (D:15)
  4 salamander mystics
  2 iron trolls
  A skyshark (shapeshifter) (Depths:2)
  7 goliath frogs
  2 flayed ghosts
  A shadow demon (Depths:2)
  2 sea snakes
  A sixfirhy (Depths:2)
  2 glowing orange brains
  4 spriggan druids
  4 mana vipers
  48 deep trolls
  2 obsidian statues (IceCv)
  8 arcanists
  4 skeletal warriors
  7 naga ritualists
  A phantasmal warrior (Vaults:5)
  8 lindwurms
  10 swamp dragons
  4 bog bodies
  3 necromancers
  A spriggan simulacrum (IceCv)
  14 deep elf zephyrmancers
  4 deep elf archers
  5 orc knights
  An eye of devastation (shapeshifter) (Vaults:5)
  13 ironbound convokers
  10 harpies (Vaults:1)
  A sphinx simulacrum (Depths:2)
  4 manticores
  19 deep elf pyromancers
  A manticore (shapeshifter) (Depths:3)
  28 ugly things
  8 cyclopes
  3 orc sorcerers
  3 wolf spiders (Zot:4)
  A fire giant zombie (Depths:2)
  2 will-o-the-wisps
  Maurice (D:9)
  A meliai (D:14)
  11 moths of wrath
  13 salamanders
  13 elephants
  3 guardian serpents
  5 torpor snails (Lair:5)
  20 black mambas
  A human skeleton (Vaults:3)
  13 vault sentinels
  23 naga magi
  An unseen horror (D:13)
  10 cane toads
  Jeremiah (D:9)
  25 yaktaurs
  A kobold demonologist (D:10)
  3 rime drakes
  8 komodo dragons
  2 anaconda simulacra (IceCv)
  5 tengu conjurers
  8 freezing wraiths
  3 polar bears
  2 ice devils (IceCv)
  3 golden dragon simulacra (IceCv)
  10 trolls
  A queen bee (D:11)
  29 hornets
  14 blink frogs
  7 saltlings
  10 tyrant leeches
  Prince Ribbit (D:8)
  2 glass eyes (Depths:1)
  A snapping turtle (shapeshifter) (Vaults:1)
  A slime creature (shapeshifter) (Vaults:5)
  An air elemental (Elf:2)
  16 water elementals
  38 slime creatures
  A shadow (D:10)
  12 spriggans
  A vampire (D:11)
  5 basilisks
  6 wraiths
  2 wyverns
  31 yaks
  7 wargs
  Grum (D:8)
  22 vampire mosquitoes
  A redback (Vaults:4)
  A steam dragon (D:8)
  Edmund (D:4)
  2 acid dragons
  A harpy simulacrum (IceCv)
  53 nagas
  14 swamp worms
  2 glowing shapeshifter zombies (Depths:2)
  A hydra simulacrum (IceCv)
  3 ice beasts
  14 water moccasins
  26 orc warriors
  2 laughing skulls (D:15)
  9 swamp drakes
  2 human zombies (Vaults:3)
  3 sky beasts
  4 black bears
  6 ogres
  2 ettin simulacra (IceCv)
  6 centaurs
  16 wolves
  10 bullfrogs
  A phantom (D:5)
  4 kobold brigands
  An earth elemental (Elf:1)
  A gnoll sergeant (D:9)
  2 scorpions (D:7)
  7 wights (D:9)
  46 killer bees
  A human simulacrum (Vaults:3)
  8 electric eels
  8 howler monkeys
  14 orc priests
  3 jellies (Lair:5)
  3 bombardier beetles
  A hound (D:6)
  A sleepcap (D:5)
  5 iguanas
  Natasha (twice) (D:2)
  9 hell rats
  20 orc wizards
  10 adders
  3 gnolls (D:9)
  2 shadow imps
  A white imp (D:7)
  2 ufetubi (D:5)
  A dart slug (D:1)
  A ribbon worm (D:2)
  48 orcs
  3 ball pythons
  5 endoplasms
  8 giant cockroaches
  8 goblins
  8 hobgoblins
  11 jackals
  6 quokkas
  10 bats
  A frilled lizard (D:3)
  25 kobolds
  2 rats
  An aspiring flesh (Zot:1)
1678 creatures vanquished.

Vanquished Creatures (collateral kills)
  3 dread liches
  An orb of fire (Zot:4)
  Josephina (Zot:2)
  3 Killer Klowns (Zot:4)
  A curse toe (Zot:2)
  6 golden dragons
  2 electric golems
  9 tentacled monstrosities
  8 Orb Guardians (Zot:5)
  A walking earthen tome (Depths:2)
  2 Ice Fiends (IceCv)
  2 titans
  A walking frostbound tome (Depths:2)
  A deep elf blademaster (Elf:1)
  6 quicksilver dragons
  3 sphinxes
  5 death cobs
  5 tengu reavers (Vaults:5)
  7 shadow dragons
  2 protean progenitors
  7 storm dragons
  An azure jelly (Elf:1)
  A draconian shifter (Zot:2)
  5 fire giants
  6 frost giants
  2 draconian monks (Zot:3)
  6 vault wardens
  3 deep elf sorcerers
  A deep elf elementalist (Elf:1)
  An iron dragon (Zot:3)
  A draconian scorcher (Zot:3)
  5 ironbound preservers
  A draconian stormcaller (Depths:4)
  5 very ugly things
  A caustic shrike skeleton (Depths:2)
  5 stone giants
  2 formless jellyfish
  A deep elf demonologist (Vaults:4)
  3 black draconians
  2 ironbound thunderhulks (Vaults:3)
  2 green draconians
  3 deep elf annihilators
  2 war gargoyles
  A dire elephant (Vaults:4)
  5 white draconians
  4 yellow draconians
  A bunyip (shapeshifter) (Vaults:4)
  2 red draconians
  7 spark wasps
  3 purple draconians
  6 ettins
  An eidolon (Vaults:2)
  A merfolk javelineer (Depths:4)
  6 fire dragons
  4 yaktaur captains
  A deep elf high priest (Vaults:5)
  2 entropy weavers (Vaults:4)
  3 great orbs of eyes
  10 vault guards
  A servant of whispers (Desolation)
  A rakshasa (Depths:2)
  A peacekeeper (Vaults:3)
  A spriggan air mage (Depths:2)
  2 caustic shrike simulacra (IceCv)
  6 ice dragons
  17 dancing weapons
  3 ironbound frosthearts
  A two-headed ogre (Vaults:4)
  A two-headed ogre (shapeshifter) (Vaults:5)
  2 tengu warriors
  4 deep troll shamans
  3 hell hogs (Depths:4)
  2 spriggan berserkers
  3 deep troll earth magi
  2 hell knights
  A spriggan (Depths:4)
  A shock serpent (Depths:4)
  2 deep elf knights
  2 skysharks (Zot:3)
  3 iron trolls
  A sea snake (shapeshifter) (Vaults:5)
  A deep troll (shapeshifter) (Vaults:5)
  An orb spider (shapeshifter) (Depths:2)
  2 glowing orange brains
  18 deep trolls
  An arcanist (Vaults:4)
  10 ironbound convokers
  3 phantasmal warriors
  A deep elf archer (Elf:2)
  4 deep elf pyromancers
  2 necromancers (Depths:2)
  3 deep elf zephyrmancers
  6 ugly things
  6 vault sentinels
  3 moths of wrath
  A fire giant skeleton (Depths:2)
  5 yaktaurs
  A tengu conjurer (Depths:4)
  A merfolk (shapeshifter) (Depths:2)
  2 golden dragon simulacra
  A polar bear (shapeshifter) (Vaults:5)
  A hornet (Depths:4)
  A frost giant simulacrum (Depths:2)
  3 glass eyes
  3 saltlings (Desolation)
  A fire giant simulacrum (Depths:2)
  A jumping spider (shapeshifter) (Vaults:5)
  3 slime creatures (Vaults:2)
  8 water elementals
  A warg (shapeshifter) (Vaults:5)
  A red draconian simulacrum (Zot:2)
  A redback (Vaults:4)
  A moth of wrath simulacrum (Zot:2)
  4 aspiring fleshes
353 creatures vanquished.

Vanquished Creatures (others)
  A nagaraja (Snake:2)
  A fire giant (Vaults:5)
  A draconian scorcher (Depths:4)
  An orc sorcerer (Vaults:5)
  A freezing wraith (Vaults:5)
  A ghost moth simulacrum (Zot:2)
  A draconian simulacrum (Zot:2)
  A yak (D:10)
  An electric eel (D:10)
  8 foxfires (Swamp:2)
17 creatures vanquished.

Grand Total: 2048 creatures vanquished

Notes
Turn   | Place    | Note
-------+----------+-------------------------------------------
     0 | D:1      | tish the Gnoll Wanderer began the quest for the Orb.
     0 | D:1      | tish set off with the following items: a +0 dagger, a
                  | scroll of blinking, 9 poisoned darts, a potion of berserk
                  | rage, a potion of lignification, a +0 leather armour; and
                  | the following spell memorised: Sandblast; and the following
                  | spells available to memorise: Passwall.
     0 | D:1      | Reached XP level 1. HP: 13/13 MP: 6/6
    68 | D:1      | Reached XP level 2. HP: 20/20 MP: 1/7
   135 | D:1      | Found Ehim's Assorted Antiques.
   192 | D:1      | Found Surhewkaiwi's Armour Shoppe.
   261 | D:1      | Found Faxkol's Antique Armour Shop.
   391 | D:1      | Found Kost's General Store.
   570 | D:1      | Found Ihischuli's Antique Weapon Boutique.
   664 | D:1      | Reached skill level 5 in Spellcasting
   664 | D:1      | Reached XP level 3. HP: 25/25 MP: 5/9
   979 | D:2      | Reached skill level 1 in Invocations
  1245 | D:2      | Reached skill level 1 in Fighting
  1245 | D:2      | Reached skill level 1 in Short Blades
  1245 | D:2      | Reached skill level 1 in Long Blades
  1245 | D:2      | Reached skill level 1 in Axes
  1245 | D:2      | Reached skill level 1 in Maces & Flails
  1245 | D:2      | Reached skill level 1 in Polearms
  1245 | D:2      | Reached skill level 1 in Staves
  1245 | D:2      | Reached skill level 1 in Ranged Weapons
  1245 | D:2      | Reached skill level 1 in Dodging
  1245 | D:2      | Reached skill level 1 in Stealth
  1245 | D:2      | Reached skill level 1 in Shields
  1245 | D:2      | Reached skill level 1 in Evocations
  1351 | D:2      | Noticed Natasha
  1363 | D:2      | Killed Natasha
  1364 | D:2      | Reached skill level 1 in Shapeshifting
  1364 | D:2      | Reached XP level 4. HP: 25/32 MP: 7/11
  1488 | D:2      | Reached skill level 1 in Conjurations
  1488 | D:2      | Reached skill level 1 in Hexes
  1488 | D:2      | Reached skill level 1 in Summonings
  1488 | D:2      | Reached skill level 1 in Necromancy
  1488 | D:2      | Reached skill level 1 in Translocations
  1488 | D:2      | Reached skill level 1 in Fire Magic
  1488 | D:2      | Reached skill level 1 in Ice Magic
  1488 | D:2      | Reached skill level 1 in Air Magic
  1488 | D:2      | Reached skill level 1 in Alchemy
  1706 | D:2      | Noticed Natasha
  1713 | D:2      | Killed Natasha
  1714 | D:2      | Reached XP level 5. HP: 37/37 MP: 9/12
  1955 | D:3      | Noticed an ogre
  2480 | D:3      | Reached skill level 2 in Invocations
  2835 | D:3      | Killed an ogre
  2836 | D:3      | Reached XP level 6. HP: 44/44 MP: 12/14
  3107 | D:4      | Found a bloodstained altar of Trog.
  3107 | D:4      | Noticed a black bear
  3107 | D:4      | Noticed a black bear
  3154 | D:4      | Killed a black bear
  3264 | D:4      | Noticed Edmund
  3305 | D:4      | Killed Edmund
  3306 | D:4      | Reached XP level 7. HP: 51/51 MP: 12/15
  3436 | D:4      | Upgraded the game from 0.31-a0-1591-g515db51633 to
                  | 0.31-a0-1597-ge7908ec95f
  3729 | D:4      | Reached skill level 3 in Invocations
  4272 | D:5      | Entered Level 5 of the Dungeon
  4349 | D:5      | Reached XP level 8. HP: 24/58 MP: 16/16
  5161 | D:5      | Learned a level 2 spell: Mercury Vapours
  5504 | D:6      | Reached skill level 4 in Invocations
  5748 | D:6      | Found a staircase to the Ecumenical Temple.
  5755 | Temple   | Entered the Ecumenical Temple
  5764 | Temple   | Became a worshipper of Ashenzari the Shackled
  5936 | D:7      | Reached XP level 9. HP: 33/65 MP: 18/18
  6183 | D:7      | Noticed a hornet
  6192 | D:7      | Killed a hornet
  6193 | D:7      | Reached skill level 5 in Armour
  6638 | D:7      | Reached skill level 5 in Invocations
  6875 | D:7      | Identified the +1 mace of Dust {venom, *Corrode rPois rF++
                  | Str+3}
  6951 | D:7      | Found a stormy altar of Qazlal.
  6951 | D:7      | Found an ornate altar of the Wu Jian Council.
  7281 | D:8      | Reached * piety under Ashenzari
  7525 | D:1      | Bought a +1 buckler of positive energy for 175 gold pieces
  7525 | D:1      | Bought a +0 cloak for 58 gold pieces
  7718 | D:8      | Noticed Erica
  7806 | D:8      | Learned a level 1 spell: Sting
  7810 | D:8      | Learned a level 3 spell: Mephitic Cloud
  7911 | D:8      | Noticed Prince Ribbit
  7925 | D:8      | Killed Prince Ribbit
  7926 | D:8      | Reached skill level 5 in Fighting
  7926 | D:8      | Reached skill level 5 in Short Blades
  7926 | D:8      | Reached skill level 5 in Long Blades
  7926 | D:8      | Reached skill level 5 in Axes
  7926 | D:8      | Reached skill level 5 in Maces & Flails
  7926 | D:8      | Reached skill level 5 in Polearms
  7926 | D:8      | Reached skill level 5 in Staves
  7926 | D:8      | Reached skill level 5 in Ranged Weapons
  7926 | D:8      | Reached skill level 5 in Dodging
  7926 | D:8      | Reached skill level 5 in Stealth
  7926 | D:8      | Reached skill level 5 in Shields
  7926 | D:8      | Reached skill level 5 in Evocations
  7926 | D:8      | Reached XP level 10. HP: 66/74 MP: 12/20
  8096 | D:8      | Found a hazy altar of Hepliaklqana.
  8405 | D:8      | Noticed Grum
  8415 | D:8      | Killed Grum
  8570 | D:8      | Reached ** piety under Ashenzari
  8678 | D:9      | Learned a level 3 spell: Passwall
  8684 | D:9      | Learned a level 5 spell: Freezing Cloud
  8690 | D:9      | Noticed Maurice
  9040 | D:9      | Reached skill level 5 in Earth Magic
  9084 | D:9      | Killed Maurice
  9085 | D:9      | Reached skill level 6 in Invocations
  9085 | D:9      | Reached skill level 5 in Shapeshifting
  9203 | D:9      | Found Dadeja's Self-Improvement Boutique.
  9555 | D:9      | Noticed Jeremiah
  9597 | D:9      | Killed Jeremiah
  9672 | D:9      | Noticed a two-headed ogre
  9682 | D:9      | Killed a two-headed ogre
 10030 | D:9      | Reached skill level 5 in Conjurations
 10030 | D:9      | Reached skill level 5 in Hexes
 10030 | D:9      | Reached skill level 5 in Summonings
 10030 | D:9      | Reached skill level 5 in Necromancy
 10030 | D:9      | Reached skill level 5 in Translocations
 10030 | D:9      | Reached skill level 5 in Fire Magic
 10030 | D:9      | Reached skill level 5 in Ice Magic
 10030 | D:9      | Reached skill level 5 in Air Magic
 10030 | D:9      | Reached skill level 5 in Alchemy
 10030 | D:9      | Reached XP level 11. HP: 81/81 MP: 20/22
 10581 | D:10     | Entered Level 10 of the Dungeon
 10581 | D:10     | Found a radiant altar of Vehumet.
 10692 | D:10     | Reached skill level 7 in Invocations
 10863 | D:10     | Found a shadowy altar of Dithmenos.
 11003 | D:10     | Found a portal to a secret trove of treasure.
 12059 | D:10     | Found an iron altar of Okawaru.
 12071 | D:10     | Reached *** piety under Ashenzari
 12259 | D:11     | Noticed a cyclops
 12715 | D:11     | Killed a cyclops
 12933 | D:11     | Found a staircase to the Lair.
 13047 | D:11     | Noticed a two-headed ogre
 13065 | D:11     | Noticed a two-headed ogre
 13093 | D:11     | Killed a two-headed ogre
 13338 | D:11     | Reached **** piety under Ashenzari
 13361 | D:11     | Reached XP level 12. HP: 97/97 MP: 25/27
 13525 | D:10     | Found an ancient bone altar of Kikubaaqudgha.
 13725 | D:11     | Reached skill level 8 in Invocations
 13949 | D:11     | Noticed a two-headed ogre
 13962 | D:11     | Killed a two-headed ogre
 13962 | D:11     | Killed a two-headed ogre
 13963 | D:11     | Reached skill level 10 in Throwing
 13963 | D:11     | Reached skill level 10 in Unarmed Combat
 14584 | D:11     | Learned a level 3 spell: Ozocubu's Armour
 14590 | D:11     | Learned a level 5 spell: Metabolic Englaciation
 14732 | D:11     | Noticed a five-headed hydra
 14738 | D:11     | Killed a five-headed hydra
 15150 | Lair:1   | Entered Level 1 of the Lair of Beasts
 16682 | Lair:1   | Reached ***** piety under Ashenzari
 16716 | Lair:2   | Noticed a death yak
 16716 | Lair:2   | Noticed a death yak
 16716 | Lair:2   | Noticed a death yak
 16716 | Lair:2   | Noticed a death yak
 16716 | Lair:2   | Noticed a death yak
 16726 | Lair:2   | Found a staircase to the Swamp.
 16726 | Lair:2   | Found a staircase to the Snake Pit.
 16746 | Lair:2   | Reached XP level 13. HP: 109/109 MP: 3/30
 16964 | Lair:1   | Reached skill level 9 in Invocations
 17921 | Lair:2   | Reached skill level 10 in Spellcasting
 20067 | Lair:4   | Reached XP level 14. HP: 114/120 MP: 28/33
 20125 | Lair:4   | Reached skill level 10 in Invocations
 20749 | D:1      | Bought a pair of boots for 126 gold pieces
 21011 | Lair:5   | Entered Level 5 of the Lair of Beasts
 21579 | Lair:5   | Reached skill level 10 in Armour
 21793 | Lair:5   | Learned a level 5 spell: Fireball
 21951 | Lair:5   | Found a staircase to the Slime Pits.
 22443 | Lair:5   | Identified the +2 chain mail of Gallantry {rC+ rCorr}
 23578 | D:12     | Reached skill level 10 in Fighting
 23578 | D:12     | Reached skill level 10 in Short Blades
 23578 | D:12     | Reached skill level 10 in Long Blades
 23578 | D:12     | Reached skill level 10 in Axes
 23578 | D:12     | Reached skill level 10 in Maces & Flails
 23578 | D:12     | Reached skill level 10 in Polearms
 23578 | D:12     | Reached skill level 10 in Staves
 23578 | D:12     | Reached skill level 10 in Ranged Weapons
 23578 | D:12     | Reached skill level 10 in Dodging
 23578 | D:12     | Reached skill level 10 in Stealth
 23578 | D:12     | Reached skill level 10 in Shields
 23578 | D:12     | Reached skill level 10 in Evocations
 23899 | D:12     | Found a staircase to the Orcish Mines.
 24265 | D:12     | Identified the +1 scale mail of Sin {rC+ Stlth+}
 24397 | D:12     | Reached XP level 15. HP: 95/129 MP: 14/35
 24403 | D:12     | Reached skill level 11 in Invocations
 24768 | Orc:1    | Entered Level 1 of the Orcish Mines
 25302 | Orc:2    | Entered Level 2 of the Orcish Mines
 25659 | Orc:2    | Found a transporter.
 25932 | Orc:2    | Noticed an orc warlord
 25961 | Orc:2    | Killed an orc warlord
 27044 | Orc:2    | Found Hereptoq's Antique Weapon Shoppe.
 27155 | Orc:2    | Found Dielu's Antique Armour Shoppe.
 27184 | Orc:2    | Found a staircase to the Elven Halls.
 27261 | Orc:2    | Found Dapod's Jewellery Shoppe.
 27267 | Orc:2    | Bought the amulet of Buluewnixish {Reflect Dex+4 SH+5} for
                  | 544 gold pieces
 27267 | Orc:2    | Bought a ring of wizardry for 360 gold pieces
 27292 | Orc:2    | Found Dockabol's General Store.
 27300 | Orc:2    | Bought a scroll of blinking for 82 gold pieces
 27361 | Orc:2    | Found a transporter.
 27365 | Orc:2    | Noticed farilari's ghost (journeyman SpHu)
 27372 | Orc:2    | Identified the +9 giant club of Moral Flaws {drain, ^Contam
                  | +Blink Fly Str-3}
 27431 | Orc:2    | Bought an ichor-stained helmet for 180 gold pieces
 27431 | Orc:2    | Identified the +0 helmet "Irphizehu" {Dex+2} (You bought it
                  | in a shop on level 2 of the Orcish Mines)
 29028 | D:13     | Noticed Sonja
 29037 | D:13     | Killed Sonja
 29443 | Snake:1  | Entered Level 1 of the Snake Pit
 31473 | Snake:2  | Reached skill level 10 in Shapeshifting
 31779 | Snake:2  | Reached XP level 16. HP: 43/138 MP: 29/37
 32385 | Snake:2  | Reached skill level 12 in Invocations
 32758 | Snake:2  | Found a radiant altar of Vehumet.
 33037 | Snake:2  | Noticed a nagaraja
 33045 | Snake:2  | Killed a nagaraja
 33656 | Snake:3  | Found Eguhunn's Magic Scroll Boutique.
 33661 | Snake:3  | Bought a scroll of teleportation for 42 gold pieces
 35339 | Snake:4  | Entered Level 4 of the Snake Pit
 35339 | Snake:4  | Noticed a nagaraja
 35357 | Snake:4  | Killed a nagaraja
 35820 | Snake:4  | Reached skill level 10 in Earth Magic
 37051 | Snake:4  | Noticed a nagaraja
 37066 | Snake:4  | Killed a nagaraja
 37647 | Snake:4  | Reached XP level 17. HP: 103/146 MP: 29/38
 37978 | Snake:4  | Reached skill level 10 in Conjurations
 37978 | Snake:4  | Reached skill level 10 in Hexes
 37978 | Snake:4  | Reached skill level 10 in Summonings
 37978 | Snake:4  | Reached skill level 10 in Necromancy
 37978 | Snake:4  | Reached skill level 10 in Translocations
 37978 | Snake:4  | Reached skill level 10 in Fire Magic
 37978 | Snake:4  | Reached skill level 10 in Ice Magic
 37978 | Snake:4  | Reached skill level 10 in Air Magic
 37978 | Snake:4  | Reached skill level 10 in Alchemy
 38434 | Snake:4  | Found Wyef's Magic Scroll Emporium.
 38470 | Snake:4  | Found Unlodwae's Antique Weapon Boutique.
 38500 | Snake:4  | Bought a scroll of teleportation for 63 gold pieces
 38500 | Snake:4  | Bought a scroll of blinking for 157 gold pieces
 38500 | Snake:4  | Bought a scroll of blinking for 157 gold pieces
 38751 | Snake:4  | Identified a scroll of acquirement
 38875 | Snake:4  | Got a serpentine rune of Zot
 38898 | Snake:4  | Reached skill level 13 in Invocations
 38926 | Snake:4  | Acquired a book of Transmutation
 38931 | Snake:4  | Learned a level 2 spell: Sublimation of Blood
 38937 | Snake:4  | Learned a level 5 spell: Irradiate
 39080 | Snake:4  | Identified the serpent talisman "Veabb" {Str+4}
 39080 | Snake:4  | Noticed Aizul
 39096 | Snake:4  | Killed Aizul
 39477 | Swamp:1  | Entered Level 1 of the Swamp
 39746 | Swamp:1  | Learned a level 5 spell: Silence
 39799 | Swamp:1  | Identified the +0 kite shield "Wyub" {Dex+3}
 41564 | Swamp:2  | Found a large runed translucent door.
 41565 | Swamp:2  | Found a large runed translucent door.
 41570 | Swamp:2  | Noticed Karaet's ghost (adept MiFi)
 41570 | Swamp:2  | Identified Zaovogg's Discourse on Conduction
 43266 | Swamp:3  | Noticed a tentacled monstrosity
 43811 | Swamp:3  | Killed a tentacled monstrosity
 44230 | Swamp:4  | Entered Level 4 of the Swamp
 44511 | Swamp:4  | Found a transporter.
 44522 | Swamp:4  | Noticed Lymetel's ghost (adept MiBe)
 44535 | Swamp:4  | Found a transporter.
 44536 | Swamp:4  | Identified the ring of Aqoomy {rC- MP+9 Int+4 Dex+3}
 44541 | Swamp:4  | Identified the +8 dagger of the Weasel {elec, MP+9 Str+5}
 44542 | Swamp:4  | Identified the +2 pair of boots of Ru's Reproof {Harm rElec
                  | Dex+6 Stlth+}
 44878 | Swamp:4  | Reached XP level 18. HP: 142/155 MP: 8/40
 46462 | Swamp:4  | Learned a level 2 spell: Blink
 46465 | Swamp:4  | Learned a level 2 spell: Lesser Beckoning
 46485 | Swamp:4  | Got a decaying rune of Zot
 47232 | D:14     | Identified the maw talisman of the Orb Guardian {rElec rF-
                  | rN+ Dex+6}
 48245 | D:14     | Found a gate to the Vaults.
 49130 | D:15     | Entered Level 15 of the Dungeon
 49541 | D:15     | Found a runed translucent gate.
 49541 | D:15     | Found a runed translucent gate.
 49542 | D:15     | Found a runed translucent gate.
 49543 | D:15     | Noticed ciphuk's ghost (journeyman FeSh)
 49747 | D:15     | Reached skill level 14 in Invocations
 51267 | D:15     | Found a staircase to the Depths.
 51388 | D:15     | Learned a level 7 spell: Orb of Destruction
 51434 | Vaults:1 | Entered Level 1 of the Vaults
 53031 | Vaults:1 | Reached XP level 19. HP: 155/161 MP: 36/41
 57474 | Vaults:2 | Reached skill level 15 in Throwing
 57474 | Vaults:2 | Reached skill level 15 in Unarmed Combat
 58200 | Vaults:2 | Found Axogih's Book Shoppe.
 58203 | Vaults:2 | Bought a Fen Folio for 798 gold pieces
 58211 | Vaults:2 | Learned a level 7 spell: Summon Hydra
 58697 | Vaults:1 | Reached skill level 15 in Invocations
 58919 | Vaults:1 | Reached XP level 20. HP: 77/170 MP: 3/42
 59837 | Vaults:2 | Found a staircase to the Crypt.
 59948 | Vaults:2 | Identified the +3 scimitar "Doinaf" {freeze, rPois Int+3
                  | SInv}
 59964 | Vaults:2 | Found Gem Wyar's Armour Shoppe.
 60593 | Vaults:3 | Found a runed translucent door.
 61523 | Vaults:3 | Reached skill level 15 in Spellcasting
 62473 | Vaults:3 | Found Lumumn's Armour Boutique.
 62628 | Vaults:3 | Bought a +1 helmet of intelligence for 247 gold pieces
 63671 | Vaults:4 | Identified Guruotid's Essays on the Congregation and Ill
                  | Luck
 65531 | Vaults:4 | Reached XP level 21. HP: 178/178 MP: 35/44
 66677 | Vaults:5 | Entered Level 5 of the Vaults
 67107 | Vaults:4 | Reached skill level 16 in Invocations
 67239 | Vaults:5 | Noticed a dread lich
 67249 | Vaults:5 | Reached skill level 15 in Armour
 67589 | Vaults:5 | Noticed a golden dragon
 67606 | Vaults:5 | Killed a golden dragon
 68109 | Vaults:5 | Reached skill level 15 in Fighting
 68109 | Vaults:5 | Reached skill level 15 in Short Blades
 68109 | Vaults:5 | Reached skill level 15 in Long Blades
 68109 | Vaults:5 | Reached skill level 15 in Axes
 68109 | Vaults:5 | Reached skill level 15 in Maces & Flails
 68109 | Vaults:5 | Reached skill level 15 in Polearms
 68109 | Vaults:5 | Reached skill level 15 in Staves
 68109 | Vaults:5 | Reached skill level 15 in Ranged Weapons
 68109 | Vaults:5 | Reached skill level 15 in Dodging
 68109 | Vaults:5 | Reached skill level 15 in Stealth
 68109 | Vaults:5 | Reached skill level 15 in Shields
 68109 | Vaults:5 | Reached skill level 15 in Evocations
 69017 | Vaults:5 | Noticed an ancient lich
 69028 | Vaults:5 | Killed an ancient lich
 69047 | Vaults:5 | Identified the +5 mace "Xyqum" {spect, rPois}
 69348 | Vaults:5 | Identified the ring "Fuloag" {Fly Will+ rCorr}
 69687 | Vaults:5 | Identified the +9 scimitar "Cylan" {freeze, ^Drain rCorr
                  | Int+4}
 69805 | Vaults:5 | Noticed an ancient lich
 69806 | Vaults:5 | Identified the +4 long sword of the Ornamental God {elec,
                  | *Rage *Corrode rPois Will+++}
 70126 | Vaults:5 | Identified the +6 spear of Zimutom {flame, Str+4}
 70236 | Vaults:5 | Reached XP level 22. HP: 180/181 MP: 38/46
 71286 | Vaults:5 | Identified the +3 short sword "Fableurugi" {speed, Will-
                  | Int+6}
 71290 | Vaults:5 | Found Tosierr's Distillery.
 71290 | Vaults:5 | Noticed Saint Roka
 71332 | Vaults:5 | Killed Saint Roka
 71478 | Vaults:5 | Killed a dread lich
 71513 | Vaults:5 | Killed an ancient lich
 71514 | Vaults:5 | HP: 5/188 [yaktaur captain/silver javelin (26)]
 72435 | Vaults:5 | Bought a potion of cancellation for 152 gold pieces
 72435 | Vaults:5 | Bought a potion of cancellation for 152 gold pieces
 72435 | Vaults:5 | Bought a potion of might for 76 gold pieces
 72435 | Vaults:5 | Bought a potion of invisibility for 152 gold pieces
 72435 | Vaults:5 | Bought 2 potions of heal wounds for 190 gold pieces
 72526 | Vaults:5 | Identified the +8 plate armour of the Big Bang {Stlth+}
 72866 | Vaults:5 | Got a silver rune of Zot
 73122 | Vaults:5 | Identified the +1 ring mail of Ennui {Stlth+}
 73488 | Vaults:5 | Identified the Exposition on Enchantment
 73508 | Vaults:5 | Learned a level 7 spell: Enfeeble
 73890 | Vaults:2 | Bought the +0 leather armour "Ruyceuxi" {rF+ rC+ Slay+3}
                  | for 712 gold pieces
 74078 | Elf:1    | Entered Level 1 of the Elven Halls
 74078 | Elf:1    | Found a runed translucent gate.
 74078 | Elf:1    | Found a runed translucent gate.
 74078 | Elf:1    | Found a runed translucent gate.
 74078 | Elf:1    | Found a runed translucent gate.
 74078 | Elf:1    | Found a runed translucent gate.
 74078 | Elf:1    | Found a runed translucent gate.
 74079 | Elf:1    | Found a runed translucent door.
 74134 | Elf:1    | Found a runed translucent door.
 74441 | Elf:1    | Found a huge runed translucent gate.
 74441 | Elf:1    | Found a huge runed translucent gate.
 74443 | Elf:1    | Found a huge runed translucent gate.
 74443 | Elf:1    | Found a huge runed translucent gate.
 74443 | Elf:1    | Found a huge runed translucent gate.
 74443 | Elf:1    | Found a huge runed translucent gate.
 74443 | Elf:1    | Found a huge runed translucent gate.
 74446 | Elf:1    | Found a huge runed translucent gate.
 74446 | Elf:1    | Found a huge runed translucent gate.
 74446 | Elf:1    | Found a huge runed translucent gate.
 74446 | Elf:1    | Found a huge runed translucent gate.
 74446 | Elf:1    | Found a huge runed translucent gate.
 74447 | Elf:1    | Found a huge runed translucent gate.
 74447 | Elf:1    | Found a huge runed translucent gate.
 74447 | Elf:1    | Found a huge runed translucent gate.
 74457 | Elf:1    | Found a huge runed translucent gate.
 74457 | Elf:1    | Found a huge runed translucent gate.
 74457 | Elf:1    | Found a huge runed translucent gate.
 74457 | Elf:1    | Found a huge runed translucent gate.
 74482 | Elf:1    | Found a glacial archway.
 74564 | IceCv    | Entered an ice cave
 76243 | IceCv    | Reached skill level 17 in Invocations
 76628 | IceCv    | Acquired 610 gold pieces
 76753 | Elf:1    | Found a huge runed translucent gate.
 76964 | Elf:1    | Found Bule's Magic Scroll Shop.
 77114 | Elf:1    | Identified the +1 shortbow of Regicide {drain, Will+ MP+9
                  | Str+3}
 77608 | Elf:2    | Found a crumbling gateway.
 77647 | Desolati | Entered the Desolation of Salt
 78480 | Elf:2    | Found a runed translucent gate.
 78481 | Elf:2    | Found a runed translucent gate.
 78481 | Elf:2    | Found a runed translucent gate.
 79800 | Elf:2    | Reached XP level 23. HP: 192/192 MP: 20/46
 80385 | Depths:1 | Entered Level 1 of the Depths
 82953 | Depths:1 | Found a gateway to Hell.
 83786 | Depths:2 | Found an ancient bone altar of Kikubaaqudgha.
 83987 | Depths:2 | Reached skill level 15 in Shapeshifting
 85434 | Depths:2 | Identified the amulet "Nejaer" {Acrobat rN+}
 85968 | Depths:2 | Paralysed by a vampire knight for 5 turns
 86374 | Depths:2 | Noticed a golden dragon
 87170 | Depths:2 | Found an iron altar of Okawaru.
 87322 | Depths:2 | Found a one-way gate leading to the halls of Pandemonium.
 87615 | Depths:2 | Killed a golden dragon
 88226 | Depths:2 | Reached skill level 18 in Invocations
 88226 | Depths:2 | Reached XP level 24. HP: 192/202 MP: 28/47
 88228 | Depths:2 | Reached skill level 15 in Hexes
 88834 | Depths:3 | Found a one-way gate to the infinite horrors of the Abyss.
 90227 | Depths:3 | Noticed a juggernaut
 90287 | Depths:3 | Killed a juggernaut
 90781 | Depths:4 | Entered Level 4 of the Depths
 91070 | Depths:4 | Noticed Boris
 91849 | Depths:3 | Killed Boris
 93953 | Depths:4 | Identified the +5 shortbow of Fylek {heavy, rElec rCorr}
 94382 | Depths:4 | Identified the +9 orcbow "Zibb" {drain, rC+}
 94388 | Depths:4 | Found a one-way gateway to a ziggurat.
 94691 | Depths:4 | Found a gate to the Realm of Zot.
 96338 | Depths:4 | Learned a level 8 spell: Lehudib's Crystal Spear
 96369 | Zot:1    | Entered Level 1 of the Realm of Zot
 96745 | Zot:1    | Reached XP level 25. HP: 211/211 MP: 38/47
 97367 | Zot:1    | Found the +4 dragonskin cloak
 97367 | Zot:1    | Noticed Tiamat
 99698 | Depths:4 | Killed Tiamat
101062 | Depths:4 | Reached skill level 15 in Earth Magic
103413 | Zot:2    | Noticed a Killer Klown
103433 | Zot:2    | Killed a Killer Klown
104083 | Zot:1    | Reached skill level 19 in Invocations
104512 | Zot:2    | Identified the ring "Jox Enut" {Ice Str+2 Int+2 Dex+3}
104512 | Zot:2    | Noticed Josephina
104625 | Zot:2    | Killed Josephina
104975 | Zot:1    | Reached skill level 15 in Conjurations
104975 | Zot:1    | Reached skill level 15 in Summonings
104975 | Zot:1    | Reached skill level 15 in Necromancy
104975 | Zot:1    | Reached skill level 15 in Translocations
104975 | Zot:1    | Reached skill level 15 in Fire Magic
104975 | Zot:1    | Reached skill level 15 in Ice Magic
104975 | Zot:1    | Reached skill level 15 in Air Magic
104975 | Zot:1    | Reached skill level 15 in Alchemy
106065 | Zot:2    | Noticed a Killer Klown
106082 | Zot:2    | Killed a Killer Klown
110586 | Zot:3    | Identified the ring of Busooxe {EV+5 Dex+5}
110785 | Zot:3    | Reached XP level 26. HP: 207/220 MP: 33/48
111641 | Zot:3    | Noticed an ancient lich
111659 | Zot:3    | Killed an ancient lich
111724 | Zot:3    | Identified the +2 sling of Freehold {freeze, rPois rC- rN+
                  | Dex+2}
112117 | Zot:3    | Found a stormy altar of Qazlal.
112717 | Zot:3    | Identified the +0 plate armour "Yqarchaorph" {rN+ Regen+}
114501 | Zot:5    | Entered Level 5 of the Realm of Zot
114505 | Zot:5    | Found a broken altar of Ashenzari.
114563 | Zot:5    | Noticed a Killer Klown
114563 | Zot:5    | Found a radiant altar of Vehumet.
114581 | Zot:4    | Killed a Killer Klown
117986 | Elf:3    | Entered Level 3 of the Elven Halls
118053 | Elf:3    | Found Loudeq's Magic Scroll Shop.
118057 | Elf:3    | Bought a scroll of teleportation for 57 gold pieces
118090 | Elf:3    | Found Qyciwe's Book Shop.
118287 | Elf:3    | Found Kull's Distillery.
118348 | Elf:3    | Bought a potion of resistance for 130 gold pieces
118348 | Elf:3    | Bought a potion of heal wounds for 65 gold pieces
118348 | Elf:3    | Bought a potion of might for 52 gold pieces
118348 | Elf:3    | Bought a potion of might for 52 gold pieces
118348 | Elf:3    | Bought a potion of might for 52 gold pieces
118348 | Elf:3    | Bought a potion of haste for 130 gold pieces
119063 | Elf:3    | Found Pisehiock's General Store.
120255 | Elf:3    | Identified the +4 great sword of the Secret Songs {pain,
                  | Str+4 Dex+3 SInv Stlth+}
120593 | Elf:3    | Identified the ring of Durov {rF+ AC+4}
121424 | Elf:3    | Identified the storm talisman of Calculation {rCorr Str+6
                  | Int-3}
121455 | Elf:3    | Identified the Codex of Decompression
121531 | Elf:3    | Reached skill level 20 in Invocations
121729 | Elf:3    | Identified the staff of Terror {rN+ Necro Alchemy}
121730 | Elf:3    | Identified the staff of Wondrous Power {Will+ Dex+2 Earth
                  | Alchemy}
121731 | Elf:3    | Identified the +4 long sword of Itataz Bidi {holy, rPois
                  | rC- Int+7 Dex-4}
122598 | Zot:5    | Identified the +0 robe "Enupagof" {+Inv rC- SInv}
123174 | Zot:5    | Noticed a dread lich
123194 | Zot:5    | Killed a dread lich
123401 | Zot:5    | Noticed a Killer Klown
123401 | Zot:5    | Noticed an orb of fire
123472 | Zot:5    | Noticed a dread lich
123521 | Zot:5    | Killed a dread lich
123592 | Zot:5    | Noticed an orb of fire
123599 | Zot:5    | Gained mutation: You occasionally lose the ability to drink
                  | potions when taking damage. [an orb of fire]
123622 | Zot:4    | Killed an orb of fire
123623 | Zot:4    | Reached XP level 27. HP: 161/226 MP: 10/48
123790 | Zot:5    | Noticed an orb of fire
124346 | Zot:4    | Killed an orb of fire
125526 | Zot:5    | Noticed an orb of fire
125752 | Zot:4    | Gained mutation: You are clumsy. (Dex -2) [an orb of fire]
125763 | Zot:4    | Killed an orb of fire
125939 | Zot:4    | Gained mutation: Your spells are a little easier to cast,
                  | but a little less powerful. [an orb of fire]
125945 | Zot:4    | Killed an orb of fire
127544 | Zot:5    | Noticed a dread lich
127618 | Zot:5    | Paralysed by a dread lich for 4 turns
127642 | Zot:5    | Killed a dread lich
128089 | Zot:5    | Noticed a dread lich
128112 | Zot:5    | Killed a dread lich
128471 | Zot:5    | Got the Orb of Zot
128748 | D:13     | Noticed Mowola the pandemonium lord
128963 | D:$      | Escaped with the Orb!

Illustrated notes

Levels and vault maps discovered:
D:1:      scummos_arrival_forest, layout_rooms, serial_shops, shop, shop, shop,
          nicolae_shop_back_alley_shop, nicolae_shop_advertising_works
          [nicolae_subvault_shop_adworks], chequers_serial_rivers_small_3
D:2:      layout_basic, kennysheep_another_room, minmay_tall_x, uniq_natasha
D:3:      layout_basic, minmay_fractal_squares_diagonal_5
D:4:      layout_basic, trog_ov_bears_minmay, serial_curves, eino_curves_02,
          eino_curves_03, bh_walls_and_bars, uniq_edmund
D:5:      layout_cave_pods
D:6:      layout_rooms, minmay_temple_entry_glass
D:7:      layout_basic, gammafunk_temple_overflow_pools, minmay_starry_boxes
D:8:      layout_basic, mainiacjoe_overflow_cross_hatched, uniq_grum,
          uniq_erica, uniq_prince_ribbit1
D:9:      layout_small_grid, nicolae_shop_self_help, uniq_maurice, uniq_jeremiah
D:10:     layout_basic, fiery_altar_vehumet,
          nicolae_dithmenos_through_a_glass_darkly,
          nicolae_overflow_hidden_temple, enter_trove_1
D:11:     regret_index_harrowing_hell_hive, layout_irregular_city,
          david_lair_generic
D:12:     layout_basic, david_orc_1_choice
D:13:     minmay_spotlight, layout_irregular_city, uniq_sonja
D:14:     layout_gridville, lightli_vaults_fourway_checkpoint,
          serial_bayou_pond_d, grunt_ministairs_12
D:15:     gammafunk_enter_depths_forms, layout_irregular_city,
          ebering_ghost_rock_garden, dk_noncrumbling_4, roderic_lattice_a,
          beargit_elvish_explorers
Temple:   nicolae_temple_ecumenical_triangle
Lair:1:   layout_long_grid, serial_bayou_crossing
Lair:2:   layout_cave_shapes, swamp_mist, guppyfry_snake_entry_island
Lair:3:   layout_gridlike, grunt_megastairs_4
Lair:4:   layout_misc_corridors, dreamdust_wasp_nest, lemuel_fruit_fields,
          serial_bayou_shore_b
Lair:5:   wormcave, layout_misc_corridors, minmay_slime_entry_pillars
Swamp:1:  layout_falls_marsh, evilmike_swamp_ruin_wall,
          nicolae_swamp_decorative_isthmus
Swamp:2:  layout_falls_marsh, ebering_ghost_disaster_area,
          evilmike_swamp_ruin_house_3, swamp_pool_1_2
Swamp:3:  layout_basic_swamp, nicolae_swamp_triple_paths
Swamp:4:  swamp, layout_basic_swamp, gammafunk_ghost_berserking_beasts
Snake:1:  layout_grid_maze, minmay_snake_pond
Snake:2:  layout_misc_corridors, basic_altar
Snake:3:  nicolae_snake_crotalidae_crossing, layout_misc_corridors,
          serial_shops, shop
Snake:4:  snake_pit, layout_cave_town, nicolae_wooded_promenade, uniq_aizul
Orc:1:    cheibrodos_orc_bank, layout_caves
Orc:2:    grunt_orc_cross, layout_caves, gammafunk_ghost_smash
Elf:1:    nicolae_elf_arrival_dilemma, layout_loops_cross, serial_shops, shop,
          portal_ice_cave_entry_frozen_things, hangedman_elf_represent
Elf:2:    nicolae_elf_blades_crystal_corner, layout_gridlike,
          portal_desolation_entry_ruin
Elf:3:    minmay_elf_hall, layout_geoelf_diagonals, serial_shops,
          nicolae_book_shop_shelving, nicolae_shop_real_fake_doors,
          nicolae_shop_back_alley_shop, shop, grunt_ministairs_1
Vaults:1: nicolae_vaults_bisected_inception, nicolae_vaults_closet_pinwheel_3,
          nicolae_vaults_trapezoid_lopsided_1, nicolae_vaults_six-pack,
          vaults_mumra_bighexcomb, vaults_standard_mumra_x, serial_ice_h,
          nicolae_vaults_yaktaur_gun_rack, nicolae_vaults_closet_pinwheel_4,
          nicolae_vaults_diamond_1, layout_vaults_quadrants
Vaults:2: minmay_crypt_entry_simple_plaza, nicolae_vaults_tetromino_L_1,
          nicolae_vaults_puzzle_piece, v_misc_12, vaults_standard_mumra_lines,
          vaults_room_ringed_pool, nicolae_vaults_double_plus_3,
          nicolae_vaults_double_plus_3, nicolae_vaults_turnstiles,
          nicolae_vaults_big_angled_halls, nicolae_vaults_network_s,
          vaults_mumra_minichess, layout_vaults_maze, serial_shops,
          nicolae_shop_tiny_real_fake_doors, shop
Vaults:3: ontoclasm_vaults_decontamination, dpeg_vaults_monster_box,
          grunt_vaults_bifocal, nicolae_vaults_heart-shaped_vault,
          v_alt_pattern_4, nicolae_vaults_closet_pinwheel_4,
          grunt_vaults_hallway_long, v_misc_13, nicolae_vaults_surprise_closet,
          grunt_vaults_trifunnel, nicolae_vaults_taking_the_gang_shopping,
          nicolae_vaults_oozy_zoo, nicolae_vaults_trapezoid_lopsided_2,
          nicolae_vaults_layer_cake_slice, layout_vaults_ring
Vaults:4: nicolae_vaults_little_squares_6, nicolae_vaults_network_barrier,
          ontoclasm_vaults_gallery, v_misc_10, vaults_room_fours,
          nicolae_vaults_big_ls, nicolae_vaults_disjoint_gnomons,
          nicolae_vaults_octothorpe, vaults_room_corners,
          nicolae_vaults_little_ls, ontoclasm_vaults_idyll,
          layout_vaults_omnicross
Vaults:5: uniq_saint_roka
Depths:1: layout_cave_pools, serial_rivers, chequers_serial_rivers_micro_a,
          chequers_serial_rivers_large_b, chequers_serial_rivers_micro_a,
          chequers_serial_rivers_small_3, chequers_serial_rivers_large_a,
          dk_noncrumbling_2, hangedman_coc_ice_floe, onia_ninara_cookie,
          serial_bayou_shore_b
Depths:2: evilmike_diamond_2, layout_cave_pools, grunt_pan_entry_spiral,
          hangedman_tar_grid_catacomb, okawaru_gym_becter,
          kiku_gazebo_garden_becter
Depths:3: cheibrodos_leafed_vault, layout_gridlike, hell_entry,
          dreamdust_wishing_well, hangedman_abyss_entry_splay,
          infiniplex_staircase_pillars_2
Depths:4: grunt_twist_and_shout, layout_cave_pools, enter_ziggurat_f,
          grunt_hell_horde, lemuel_nasty_fountain, uniq_boris
Zot:1:    layout_gridlike, uniq_tiamat
Zot:2:    layout_gridville, regret_index_zotdec_banners, uniq_josephina
Zot:3:    regret_index_qazlal_generations, layout_twisted_circle, st_stairs_1
Zot:4:    layout_onion_interference
Zot:5:    layout_cathedral_of_symmetry, bh_zot_lava_cross,
          hangedman_feature_mirror

Skill      XL: |  1  2  3  4  5  6  7  8  9 10 11 12 13 14 15 16 17 18 19 20 21 22 23 24 25 26 27 |
---------------+----------------------------------------------------------------------------------+-----
Earth Magic    | 2 3 4 5 6 7 8 9 10 11 12 13 14 15 16 | 16.3
Spellcasting   | 5 6 7 8 9 10 11 12 13 14 15 16 17 18 19 | 19.5
Invocations    | 1 2 3 4 5 6 7 8 9 10 11 12 13 14 15 16 17 18 19 20 | 20.5
Fighting       | 1 2 3 5 6 7 8 9 10 11 12 13 14 15 16 17 18 19 | 19.0
Short Blades   | 1 2 3 5 6 7 8 9 10 11 12 13 14 15 16 17 18 19 | 19.0
Long Blades    | 1 2 3 5 6 7 8 9 10 11 12 13 14 15 16 17 18 19 | 19.0
Axes           | 1 2 3 5 6 7 8 9 10 11 12 13 14 15 16 17 18 19 | 19.0
Maces & Flails | 1 2 3 5 6 7 8 9 10 11 12 13 14 15 16 17 18 19 | 19.0
Polearms       | 1 2 3 5 6 7 8 9 10 11 12 13 14 15 16 17 18 19 | 19.0
Staves         | 1 2 3 5 6 7 8 9 10 11 12 13 14 15 16 17 18 19 | 19.0
Ranged Weapons | 1 2 3 5 6 7 8 9 10 11 12 13 14 15 16 17 18 19 | 19.0
Dodging        | 1 2 3 5 6 7 8 9 10 11 12 13 14 15 16 17 18 19 | 19.0
Stealth        | 1 2 3 5 6 7 8 9 10 11 12 13 14 15 16 17 18 19 | 19.0
Shields        | 1 2 3 5 6 7 8 9 10 11 12 13 14 15 16 17 18 19 | 19.0
Evocations     | 1 2 3 5 6 7 8 9 10 11 12 13 14 15 16 17 18 19 | 19.0
Shapeshifting  | 1 2 3 4 5 6 7 8 9 10 11 12 13 14 15 16 17 | 17.5
Conjurations   | 1 2 3 4 5 6 7 8 9 10 11 12 13 14 15 16 | 16.2
Hexes          | 1 2 3 4 5 6 7 8 9 10 11 12 13 14 16 17 18 | 18.6
Summonings     | 1 2 3 4 5 6 7 8 9 10 11 12 13 14 15 16 | 16.2
Necromancy     | 1 2 3 4 5 6 7 8 9 10 11 12 13 14 15 16 | 16.2
Translocations | 1 2 3 4 5 6 7 8 9 10 11 12 13 14 15 16 | 16.2
Fire Magic     | 1 2 3 4 5 6 7 8 9 10 11 12 13 14 15 16 | 16.2
Ice Magic      | 1 2 3 4 5 6 7 8 9 10 11 12 13 14 15 16 | 16.2
Air Magic      | 1 2 3 4 5 6 7 8 9 10 11 12 13 14 15 16 | 16.2
Alchemy        | 1 2 3 4 5 6 7 8 9 10 11 12 13 14 15 16 | 16.2
Armour         | 3 4 5 6 7 8 9 10 11 12 13 14 15 16 17 18 19 | 19.1
Throwing       | 7 8 9 10 11 12 13 14 15 16 17 18 19 | 19.9
Unarmed Combat | 7 8 9 10 11 12 13 14 15 16 17 18 19 | 19.9

Action                     |  1- 3 |  4- 6 |  7- 9 | 10-12 | 13-15 | 16-18 | 19-21 | 22-24 | 25-27 || total
---------------------------+-------+-------+-------+-------+-------+-------+-------+-------+-------++-------
  Melee: Unarmed           |     1 |       |       |       |       |       |       |       |       ||     1
         Demon whip        |    32 |    86 |   253 |   627 |   603 |   466 |   439 |       |       ||  2506
         Bite              |     4 |     8 |    29 |    78 |   112 |    62 |   253 |   346 |   256 ||  1148
         Punch             |       |     8 |    10 |       |       |       |       |       |       ||    18
         Scimitar          |       |       |       |       |       |       |   665 |  1564 |  1227 ||  3456
  Throw: Dart              |     1 |    16 |    24 |     4 |       |       |       |       |       ||    45
   Cast: Sandblast         |    53 |    52 |       |    92 |     7 |       |       |       |       ||   204
         Mercury Vapours   |       |       |     6 |    44 |       |       |       |       |       ||    50
         Mephitic Cloud    |       |       |     1 |    89 |     6 |       |       |       |       ||    96
         Freezing Cloud    |       |       |       |    31 |   225 |   378 |   112 |    20 |     2 ||   768
         Metabolic Englaci |       |       |       |     3 |    11 |    66 |    29 |     8 |       ||   117
         Ozocubu's Armour  |       |       |       |     2 |     1 |     1 |       |     2 |       ||     6
         Fireball          |       |       |       |       |    58 |    87 |     6 |    12 |     1 ||   164
         Irradiate         |       |       |       |       |       |     8 |    17 |    27 |    15 ||    67
         Orb of Destructio |       |       |       |       |       |    13 |    25 |       |       ||    38
         Blink             |       |       |       |       |       |     2 |    10 |     2 |     1 ||    15
         Summon Hydra      |       |       |       |       |       |       |   108 |   242 |   177 ||   527
         Lesser Beckoning  |       |       |       |       |       |       |    80 |   181 |   161 ||   422
         Silence           |       |       |       |       |       |       |     1 |     9 |     7 ||    17
         Enfeeble          |       |       |       |       |       |       |       |    49 |   134 ||   183
         Lehudib's Crystal |       |       |       |       |       |       |       |       |   145 ||   145
 Invoke: Curse Item        |       |       |     2 |     6 |     4 |     1 |     2 |     2 |     2 ||    19
         Shatter the Chain |       |       |       |       |     3 |     2 |     2 |     1 |     2 ||    10
  Evoke: Wand              |       |       |     4 |     4 |     3 |       |     5 |     3 |     1 ||    20
         Lightning rod     |       |       |       |       |       |       |       |       |     4 ||     4
         Phantom mirror    |       |       |       |       |       |       |       |       |     1 ||     1
         Condenser vane    |       |       |       |       |       |       |       |       |     1 ||     1
    Use: Scroll            |       |     6 |    13 |     2 |     4 |     1 |     8 |     3 |    12 ||    49
         Potion            |       |       |       |     1 |     1 |       |    12 |     7 |     3 ||    24
   Stab: Sleeping          |       |       |     3 |       |       |     1 |     4 |     8 |     1 ||    17
         Distracted        |       |       |     1 |       |       |       |    25 |    42 |    36 ||   104
         Confused          |       |       |       |    37 |     3 |       |       |       |       ||    40
         Petrified         |       |       |       |       |     6 |       |       |       |       ||     6
         Invisible         |       |       |       |       |       |       |       |    52 |    99 ||   151
 Armour: Leather armour    |    35 |    67 |   121 |   179 |   172 |   266 |   493 |   815 |   726 ||  2874
         Skin              |       |     1 |       |       |       |       |       |       |       ||     1
  Dodge: Dodged            |    44 |    76 |   199 |   332 |   198 |   218 |   354 |   692 |   671 ||  2784
  Block: Buckler           |       |       |    11 |   137 |   254 |   197 |       |       |       ||   599
         Reflection        |       |       |       |     3 |    25 |    64 |    50 |    29 |    14 ||   185
         Kite shield       |       |       |       |       |       |   112 |   877 |  1563 |  1061 ||  3613

Table legend: (Time is in decaauts)
 A = Elapsed time spent in this place.
 B = Non-inter-level travel time spent in this place.
 C = Inter-level travel time spent in this place.
 D = Time resting spent in this place.
 E = Time spent auto-exploring this place.
 F = Levels seen in this place.
 G = Mean time per level.
                   A        B        C        D        E       F      G
               +--------+--------+--------+--------+--------+-----+--------+
         Total | 127816 | 121674 |   6142 |  61716 |  39165 |  50 | 2556.3 |
       Dungeon |  26076 |  23941 |   2135 |   8574 |  11070 |  15 | 1738.4 |
        Temple |     18 |      2 |     16 |      0 |      0 |   1 |   18.0 |
          Lair |   8015 |   7336 |    679 |   2107 |   4071 |   5 | 1603.0 |
         Swamp |   7739 |   7533 |    206 |   3414 |   3213 |   4 | 1934.8 |
     Snake Pit |   9743 |   9308 |    435 |   3307 |   4390 |   4 | 2435.8 |
  Orcish Mines |   2809 |   2592 |    217 |   1392 |    684 |   2 | 1404.5 |
   Elven Halls |   8035 |   7597 |    438 |   3267 |   2940 |   3 | 2678.3 |
        Vaults |  20960 |  20319 |    641 |  11594 |   4892 |   5 | 4192.0 |
        Depths |  18035 |  17501 |    534 |  11218 |   3639 |   4 | 4508.8 |
           Zot |  24233 |  23395 |    838 |  15132 |   4153 |   5 | 4846.6 |
      Ice Cave |   2127 |   2127 |      0 |   1710 |    111 |   1 | 2127.0 |
    Desolation |     20 |     20 |      0 |      0 |      0 |   1 |   20.0 |
               +--------+--------+--------+--------+--------+-----+--------+

Top non-repeatable levels by time:
Depths:3: 6295 daAuts
Vaults:4: 6059 daAuts
Vaults:1: 5801 daAuts
   Zot:4: 5759 daAuts
   Zot:1: 5509 daAuts
Depths:4: 4988 daAuts
Vaults:5: 4682 daAuts
   Zot:5: 4663 daAuts
   Zot:2: 4545 daAuts
Depths:2: 3910 daAuts
   Zot:3: 3754 daAuts
    D:15: 3621 daAuts
   Elf:2: 3608 daAuts
 Snake:3: 3549 daAuts
    D:14: 3102 daAuts
